 Dungeon Crawl Stone Soup version 0.30-a0-639-g3916f1956a (webtiles) character file.

Game seed: 18407635477334486828

19 OTABOTABOTAB the Caller (level 2, -1/11 HPs)
             Began as a Felid Summoner on Jan 16, 2023.
             Shot with a sling bullet by a kobold (4 damage)
             ... on level 1 of the Dungeon.
             The game lasted 00:02:09 (630 turns).

OTABOTABOTAB the Caller (Felid Summoner)             Turns: 630, Time: 00:02:10

Health: -1/11      AC:  1    Str:  4    XL:     2   Next: 55%
Magic:  1/6        EV: 17    Int: 16    God:
Gold:   23         SH:  0    Dex: 16    Spells: 3/6 levels left
                                        Lives:  0   Deaths: 0

rFire   . . .      SeeInvis +    (weapon unavailable)
rCold   . . .      Faith    .    (shield unavailable)
rNeg    . . .      Spirit   .    (body armour unavailable)
rPois   +          Reflect  .    (helmet unavailable)
rElec   .          Harm     .    (cloak unavailable)
rCorr   .          Rampage  .    (gloves unavailable)
Will    .....                    (boots unavailable)
Stlth   ++                       (no amulet)
HPRegen 0.21/turn                P - ring of poison resistance {rPois, !d}
MPRegen 0.10/turn                (no ring)

@: quick
A: very small, claws 1, fangs 3, see invisible, speed 1, shaggy fur 1, stealthy
paws, no weapons or thrown items, no armour, multi-lived
a: no special abilities


You were on level 1 of the Dungeon.
You visited 1 branch of the dungeon, and saw 1 of its levels.

You collected 23 gold pieces.

Inventory:

Jewellery
 P - a ring of poison resistance (left paw) {rPois, !d}
   (You found it on level 1 of the Dungeon)
Scrolls
 a - a scroll of enchant weapon {unknown}
Potions
 b - a potion of attraction {unknown}
 c - a potion of haste {unknown}
 d - 2 potions of flight {unknown}
 M - a potion of magic


   Skills:
 - Level 2.6 Dodging
 - Level 2.6 Stealth
 + Level 2.5 Spellcasting
 + Level 4.3 Summonings


You had 3 spell levels left.
You knew the following spells:

 Your Spells              Type           Power      Damage    Failure   Level
a - Summon Small Mammal   Summ           64%        N/A       3%          1
c - Call Imp              Summ           16%        N/A       4%          2

Your spell library contained the following spells:

 Spells                   Type           Power      Damage    Failure   Level
 Call Canine Familiar     Summ           16%        N/A       10%         3
 Summon Guardian Golem    Hex/Summ       9%         N/A       24%         3
 Summon Lightning Spire   Summ/Air       9%         N/A       61%         4


Dungeon Overview and Level Annotations

Branches:
Dungeon (1/15)

Altars:


Innate Abilities, Weirdness & Mutations

You have sharp claws.
You have razor-sharp teeth.
You have supernaturally acute eyesight. (SInv)
You cover ground quickly. (Speed+)
You are covered in fur. (AC +1)
Your paws help you pounce on unaware monsters.
You are incapable of wielding weapons or throwing items.
You cannot wear armour.
You gain extra lives every three experience levels.


Message History

You now have 3/6 mp.
You swap places.
The jackal bites your quokka.
Your quokka barely misses the jackal.
You swap places.
The jackal bites your quokka.
Your quokka barely misses the jackal.
The jackal misses your quokka.
Your quokka barely misses the jackal.
A beastly little devil appears in a puff of frigid air.
Your quokka barely misses the jackal.
The jackal closely misses your quokka.
You now have 1/6 mp.
Your quokka bites the jackal.
The jackal misses your quokka. The jackal bites your quokka.
Your quokka bites the jackal but does no damage.
The jackal bites your quokka but does no damage.
Your quokka closely misses the jackal.
The jackal bites your quokka but does no damage.
Your quokka barely misses the jackal.
The jackal closely misses your quokka.
Your quokka barely misses the jackal.
The jackal closely misses your quokka.
Your quokka bites the jackal.
The jackal dies!
Health restored: 11 The jackal barely misses your quokka.
The jackal closely misses your quokka. The jackal misses your quokka.
The jackal completely misses your quokka.
The jackal completely misses your quokka.
The jackal bites your quokka.
Your quokka dies!
Your quokka's corpse disappears in a puff of smoke!
The jackal barely misses your bat.
Your bat hits the jackal but does no damage.
The jackal bites your bat. The jackal closely misses your bat.
The jackal closely misses your bat. The jackal bites your bat.
Your bat dies!
Your bat's corpse disappears in a puff of smoke!
You swap places.
The jackal barely misses your white imp.
The jackal attacks as you move away! The jackal barely misses you.
Your white imp barely misses the jackal.
Your white imp disappears in a puff of smoke!
The jackal completely misses you. The jackal bites you.
You take 1 damage, and have 10/11 hp.
A beastly little devil appears in a puff of flame.
The jackal completely misses you.
Health restored: 11 You now have 1/6 mp.
The jackal attacks as you move away! The jackal barely misses you.
The jackal attacks as you move away! The jackal barely misses you.
Your crimson imp closely misses the jackal.
The jackal misses you. The jackal bites you. The jackal closely misses you.
You take 3 damage, and have 8/11 hp.
MASSIVE DAMAGE!!
You now have 0/6 mp.
The jackal attacks as you move away! The jackal completely misses you.
Your bat hits the jackal.
Your bat hits the jackal but does no damage.
The jackal attacks as you move away! The jackal misses you.
The jackal attacks as you move away! The jackal closely misses you.
Your bat hits the jackal but does no damage.
The jackal barely misses you.
Your crimson imp barely misses the jackal.
Your bat hits the jackal but does no damage.
Your bat completely misses the jackal.
The jackal bites you.
You take 1 damage, and have 9/11 hp.
The jackal attacks as you move away! The jackal closely misses you.
Your bat closely misses the jackal.
Your bat hits the jackal but does no damage.
Your bat closely misses the jackal.
Your bat hits the jackal but does no damage.
The jackal barely misses you. The jackal closely misses you.
You now have 0/6 mp.
The jackal attacks as you move away! The jackal bites you.
You take 3 damage, and have 6/11 hp.
MASSIVE DAMAGE!!
You swap places.
The jackal bites your rat.
Your rat dies!
Your rat's corpse disappears in a puff of smoke!
The jackal bites your quokka. x2
Your quokka dies!
Your quokka's corpse disappears in a puff of smoke!
You now have 0/6 mp.
Your crimson imp hits the jackal but does no damage.
A rat comes into view.
The rat moves out of view.
A kobold comes into view. It is wielding a +0 sling.
The kobold shouts!
The kobold shoots a sling bullet.
The sling bullet misses you. The jackal attacks as you move away!
The jackal bites you.
The kobold shoots a sling bullet.
The sling bullet hits you.
* * * LOW HITPOINT WARNING * * *
You take 5 damage, and have 3/11 hp.
MASSIVE DAMAGE!!
Your crimson imp disappears in a puff of smoke!
The jackal misses you. The jackal closely misses you. The rat misses you.
The jackal attacks as you move away! The jackal misses you.
The kobold shoots a sling bullet.
The sling bullet hits you.
You die...

#..### ###### #....#
#..§.. #####.##.## #.####
.. #.......§.# ##.####
...
#######.....###.###......
....#...........#
#..##......
....#...K..rhh..#
##h##..#...
................#
#.##......
....#.......@...#
#5##...†#.
...............##
#.##5..... #........###
#.##.b.... ####.###.#
#b##.#..#. #.# #.#
#..#...... #.#
#.########........ ###
#...†.)...........
####÷######....#.# #.#
#..>....


You could see 2 jackals, a kobold and a rat.

Vanquished Creatures (collateral kills)
  A bat (D:1)
  An endoplasm (D:1)
  A giant cockroach (D:1)
  A goblin (D:1)
  A hobgoblin (D:1)
  6 jackals (D:1)
  A kobold (D:1)
  2 ball pythons (D:1)
  A frilled lizard (D:1)
15 creatures vanquished.

Notes
Turn   | Place    | Note
-------+----------+-------------------------------------------
     0 | D:1      | OTABOTABOTAB the Felid Summoner began the quest for the
                  | Orb.
     0 | D:1      | Reached XP level 1. HP: 7/7 MP: 4/4
   262 | D:1      | Reached XP level 2. HP: 6/11 MP: 1/6
   265 | D:1      | Learned a level 2 spell: Call Imp
   630 | D:1      | Shot with a sling bullet by a kobold

Illustrated notes

Levels and vault maps discovered:
D:1:      dpeg_cavernosity, layout_basic, minmay_misc_feat_plants

Action                   || total
-------------------------++-------
 Cast: Summon Small Mamm ||    33
       Call Imp          ||     3
Dodge: Dodged            ||    32

Table legend: (Time is in decaauts)
 A = Elapsed time spent in this place.
 B = Non-inter-level travel time spent in this place.
 C = Inter-level travel time spent in this place.
 D = Time resting spent in this place.
 E = Time spent auto-exploring this place.
 F = Levels seen in this place.
 G = Mean time per level.
                   A        B        C        D        E       F      G
               +--------+--------+--------+--------+--------+-----+--------+
         Total |    572 |    572 |      0 |      0 |    339 |   1 |  572.0 |
       Dungeon |    572 |    572 |      0 |      0 |    339 |   1 |  572.0 |
               +--------+--------+--------+--------+--------+-----+--------+

Top non-repeatable levels by time:
     D:1: 572 daAuts

Table legend:
 A = Kills in this place as a percentage of kills in entire the game.
 B = Kills by you in this place as a percentage of kills by you in the entire game.
 C = Kills by friends in this place as a percentage of kills by friends in the entire game.
 D = Other kills in this place as a percentage of other kills in the entire game.
 E = Experience gained in this place as a percentage of experience gained in the entire game.
 F = Experience gained in this place divided by the number of levels of this place that you have seen.
                   A       B       C       D       E      F
               +-------+-------+-------+-------+-------+----------------------
         Total | 100.0 |   N/A | 100.0 |   N/A | 100.0 |  28.0
       Dungeon | 100.0 |   N/A | 100.0 |   N/A | 100.0 |  28.0
               +-------+-------+-------+-------+-------+----------------------
